TOP OF THE 1ST |
Portland Philospher Kings batting - Pitching for Madison Bombers : RHP Won-min Im
|
Pitching: RHP Won-min Im
|
|
Batting: RHB Dani Vázquez
|
0-0: Called Strike 0-1: Ball 1-1: Ball 2-1: Ball 3-1: Called Strike 3-2: Ground out 4-3 (Groundball, 4)
|
Batting: LHB Jeff Daniels
|
0-0: Ball 1-0: Called Strike 1-1: SINGLE (Groundball, 56)
|
Batting: SHB José Alomar
|
0-0: Ball 1-0: Ball 2-0: Swinging Strike 2-1: Called Strike 2-2: Strikes out swinging
|
Batting: LHB Tom Blake
|
0-0: Called Strike 0-1: Foul Ball, location: 2F 0-2: Ball 1-2: Fly out, F7 (Popup, 7LSF)
|
Top of the 1st over - 0 run(s), 1 hit(s), 0 error(s), 1 left on base; Portland 0 - Madison 0 |
BOTTOM OF THE 1ST |
Madison Bombers batting - Pitching for Portland Philospher Kings : RHP Dionisio Penni
|
Pitching: RHP Dionisio Penni
|
|
Batting: LHB Keith Tillman
|
0-0: Called Strike 0-1: Foul Ball, location: 2F 0-2: Fly out, F5 (Popup, 56S)
|
Batting: RHB Sergio Márquez
|
0-0: Ball 1-0: Called Strike 1-1: DOUBLE (Line Drive, 7LD)
|
Batting: SHB Michael McDonald
|
0-0: Swinging Strike 0-1: Ball 1-1: Swinging Strike 1-2: Strikes out looking
|
Batting: LHB José Santos
|
0-0: Ball 1-0: Ball 2-0: Ball 3-0: Fly out, F7 (Flyball, 7S)
|
Bottom of the 1st over - 0 run(s), 1 hit(s), 0 error(s), 1 left on base; Portland 0 - Madison 0 |
TOP OF THE 2ND |
Portland Philospher Kings batting - Pitching for Madison Bombers : RHP Won-min Im
|
Batting: LHB Paul Mullins
|
0-0: Ball 1-0: Foul Ball, location: 2F 1-1: Ball 2-1: Fly out, F8 (Flyball, 8LXD)
|
Batting: RHB Aaron Scott
|
0-0: Ball 1-0: Foul Ball, location: 2F 1-1: Called Strike 1-2: Foul Ball, location: 2F 1-2: Ball 2-2: Fly out, F8 (Line Drive, 8LS)
|
Batting: LHB Bill Bertrand
|
0-0: Called Strike 0-1: Called Strike 0-2: Ball 1-2: Ball 2-2: Ball 3-2: Foul Ball, location: 2F 3-2: Foul Ball, location: 2F 3-2: Base on Balls
|
Batting: RHB Germán Rosales
|
0-0: Ball 1-0: Ball 2-0: Called Strike 2-1: Ball 3-1: TRIPLE (Flyball, 8RXD) Bill Bertrand scores
|
Batting: LHB Mike Young
|
0-0: Called Strike 0-1: Swinging Strike 0-2: Strikes out swinging
|
Top of the 2nd over - 1 run(s), 1 hit(s), 0 error(s), 1 left on base; Portland 1 - Madison 0 |
BOTTOM OF THE 2ND |
Madison Bombers batting - Pitching for Portland Philospher Kings : RHP Dionisio Penni
|
Batting: LHB Robin Hill
|
0-0: SINGLE (Groundball, 4M)
|
Batting: LHB Avery Hopkins
|
0-0: Ball Robin Hill is caught stealing 2nd base 1-0: Ball 2-0: Foul Ball, location: 2F 2-1: Ground out U3 (Groundball, 3L)
|
Batting: RHB Vicente Aguirre
|
0-0: Ball 1-0: Swinging Strike 1-1: Called Strike 1-2: Strikes out looking
|
Bottom of the 2nd over - 0 run(s), 1 hit(s), 0 error(s), 0 left on base; Portland 1 - Madison 0 |
TOP OF THE 3RD |
Portland Philospher Kings batting - Pitching for Madison Bombers : RHP Won-min Im
|
Batting: RHB Dani Vázquez
|
0-0: Called Strike 0-1: Ground out U3 (Groundball, 3S)
|
Batting: LHB Jeff Daniels
|
0-0: Called Strike 0-1: Ball 1-1: Foul Ball, location: 2F 1-2: Ball 2-2: SINGLE (Flyball, 78S)
|
Batting: SHB José Alomar
|
0-0: Ball 1-0: Ball 2-0: Foul Ball, location: 2F 2-1: Called Strike 2-2: Foul Ball, location: 2F 2-2: Foul Ball, location: 2F 2-2: Ball 3-2: Strikes out swinging
|
Batting: LHB Tom Blake
|
0-0: SINGLE (Line Drive, 89S) Jeff Daniels to second
|
Batting: LHB Paul Mullins
|
0-0: Called Strike 0-1: Foul Ball, location: 2F 0-2: Ball 1-2: Ball 2-2: Ball 3-2: Foul Ball, location: 2F 3-2: Ground out 4-3 (Groundball, 4)
|
Top of the 3rd over - 0 run(s), 2 hit(s), 0 error(s), 2 left on base; Portland 1 - Madison 0 |
BOTTOM OF THE 3RD |
Madison Bombers batting - Pitching for Portland Philospher Kings : RHP Dionisio Penni
|
Batting: RHB Bailey Ramsey
|
0-0: Ball 1-0: SINGLE (Flyball, 9S)
|
Batting: RHB Quinton Martínez
|
0-0: Swinging Strike 0-1: Ground out 5-3 (Groundball, 6) Bailey Ramsey to second
|
Batting: LHB Keith Tillman
|
0-0: Swinging Strike 0-1: Ball 1-1: Swinging Strike 1-2: Strikes out swinging
|
Batting: RHB Sergio Márquez
|
0-0: Ball 1-0: Ball 2-0: Called Strike 2-1: Foul Ball, location: 2F 2-2: Ball 3-2: Fly out, F9 (Popup, 4D)
|
Bottom of the 3rd over - 0 run(s), 1 hit(s), 0 error(s), 1 left on base; Portland 1 - Madison 0 |
TOP OF THE 4TH |
Portland Philospher Kings batting - Pitching for Madison Bombers : RHP Won-min Im
|
Batting: RHB Aaron Scott
|
0-0: Fly out, F3 (Popup, 3DF)
|
Batting: LHB Bill Bertrand
|
0-0: Ball 1-0: Ball 2-0: Ball 3-0: Base on Balls
|
Batting: RHB Germán Rosales
|
0-0: Called Strike Bill Bertrand steals 2nd base 0-1: Ball 1-1: Ball 2-1: Ground out 5-3 (Groundball, 5D)
|
Batting: LHB Mike Young
|
0-0: Ball 1-0: SINGLE (Groundball, 56D) Bill Bertrand to third Runner from 3rd tries for Home, SAFE, no throw or cutoff
|
Batting: RHB Dani Vázquez
|
0-0: Ball 1-0: Called Strike 1-1: Foul Ball, location: 2F 1-2: Strikes out swinging
|
Top of the 4th over - 1 run(s), 1 hit(s), 0 error(s), 1 left on base; Portland 2 - Madison 0 |
BOTTOM OF THE 4TH |
Madison Bombers batting - Pitching for Portland Philospher Kings : RHP Dionisio Penni
|
Batting: SHB Michael McDonald
|
0-0: Ball 1-0: Fly out, F7 (Popup, 56D)
|
Batting: LHB José Santos
|
0-0: Fly out, F7 (Flyball, 78XD)
|
Batting: LHB Robin Hill
|
0-0: Ball 1-0: Called Strike 1-1: Ground out U3 (Groundball, 3S)
|
Bottom of the 4th over - 0 run(s), 0 hit(s), 0 error(s), 0 left on base; Portland 2 - Madison 0 |
TOP OF THE 5TH |
Portland Philospher Kings batting - Pitching for Madison Bombers : RHP Won-min Im
|
Batting: LHB Jeff Daniels
|
0-0: Ball 1-0: Called Strike 1-1: Ball 2-1: Ball 3-1: Base on Balls
|
Batting: SHB José Alomar
|
0-0: Ball 1-0: Ball 2-0: Ball 3-0: Base on Balls Jeff Daniels to second
|
Batting: LHB Tom Blake
|
0-0: Called Strike 0-1: Swinging Strike 0-2: Ball 1-2: Ball 2-2: Ground out 4-3 (Groundball, 4M) Jeff Daniels to third José Alomar to second
|
Batting: LHB Paul Mullins
|
0-0: Foul Ball, location: 2F 0-1: Ground out 4-3 (Groundball, 34) Jeff Daniels scores José Alomar to third
|
Batting: RHB Aaron Scott
|
0-0: Ball 1-0: Ball 2-0: Called Strike 2-1: Foul Ball, location: 2F 2-2: Ball 3-2: Foul Ball, location: 2F 3-2: Base on Balls
|
Pitching: RHP Manny Canseco
|
|
Batting: LHB Bill Bertrand
|
0-0: Ball 1-0: Called Strike 1-1: Swinging Strike 1-2: Ball 2-2: Ball 3-2: Base on Balls Aaron Scott to second
|
Batting: RHB Germán Rosales
|
0-0: Fly out, F8 (Flyball, 8LS)
|
Top of the 5th over - 1 run(s), 0 hit(s), 0 error(s), 3 left on base; Portland 3 - Madison 0 |
BOTTOM OF THE 5TH |
Madison Bombers batting - Pitching for Portland Philospher Kings : RHP Dionisio Penni
|
Batting: LHB Avery Hopkins
|
0-0: Swinging Strike 0-1: Ball 1-1: Called Strike 1-2: Ball 2-2: Strikes out swinging
|
Batting: RHB Vicente Aguirre
|
0-0: Ball 1-0: Fly out, F6 (Line Drive, 6)
|
Batting: RHB Bailey Ramsey
|
0-0: Ball 1-0: Called Strike 1-1: Called Strike 1-2: Ball 2-2: Ground out 5-3 (Groundball, 5S)
|
Bottom of the 5th over - 0 run(s), 0 hit(s), 0 error(s), 0 left on base; Portland 3 - Madison 0 |
TOP OF THE 6TH |
Portland Philospher Kings batting - Pitching for Madison Bombers : RHP Manny Canseco
|
Batting: LHB Mike Young
|
0-0: Ball 1-0: Ground out 1-3 (Groundball, 15)
|
Batting: RHB Dani Vázquez
|
0-0: Swinging Strike 0-1: Ball 1-1: Ball 2-1: Foul Ball, location: 2F 2-2: Ball 3-2: Fly out, F9 (Flyball, 89M)
|
Batting: LHB Jeff Daniels
|
0-0: Fly out, F9 (Line Drive, 9D)
|
Top of the 6th over - 0 run(s), 0 hit(s), 0 error(s), 0 left on base; Portland 3 - Madison 0 |
BOTTOM OF THE 6TH |
Madison Bombers batting - Pitching for Portland Philospher Kings : RHP Dionisio Penni
|
Batting: RHB Quinton Martínez
|
0-0: Swinging Strike 0-1: Swinging Strike 0-2: Strikes out swinging
|
Batting: LHB Keith Tillman
|
0-0: SINGLE (Line Drive, 89M)
|
Batting: RHB Sergio Márquez
|
0-0: Called Strike 0-1: Foul Ball, location: 2F 0-2: Ball 1-2: Foul Ball, location: 2F 1-2: Strikes out looking
|
Batting: SHB Michael McDonald
|
0-0: Ball 1-0: Foul Ball, location: 2F 1-1: Foul Ball, location: 2F 1-2: Strikes out swinging
|
Bottom of the 6th over - 0 run(s), 1 hit(s), 0 error(s), 1 left on base; Portland 3 - Madison 0 |
TOP OF THE 7TH |
Portland Philospher Kings batting - Pitching for Madison Bombers : RHP Manny Canseco
|
Batting: SHB José Alomar
|
0-0: Ball 1-0: Foul Ball, location: 2F 1-1: Fly out, F8 (Flyball, 8LD)
|
Batting: LHB Tom Blake
|
0-0: Swinging Strike 0-1: Ball 1-1: Ball 2-1: Foul Ball, location: 2F 2-2: Ground out 2-3 (Groundball, 23)
|
Batting: LHB Paul Mullins
|
0-0: Ground out 1-3 (Groundball, 13)
|
Top of the 7th over - 0 run(s), 0 hit(s), 0 error(s), 0 left on base; Portland 3 - Madison 0 |
BOTTOM OF THE 7TH |
Madison Bombers batting - Pitching for Portland Philospher Kings : RHP Dionisio Penni
|
Batting: LHB José Santos
|
0-0: Ball 1-0: Called Strike 1-1: Ball 2-1: Swinging Strike 2-2: Foul Ball, location: 2F 2-2: Ball 3-2: Strikes out swinging
|
Batting: LHB Robin Hill
|
0-0: Ball 1-0: DOUBLE (Line Drive, 3D)
|
Pitching: RHP Tommy Connare
|
|
Batting: LHB Avery Hopkins
|
0-0: Ball Robin Hill steals 3rd base 1-0: Ball 2-0: Called Strike 2-1: Ball 3-1: Called Strike 3-2: Base on Balls
|
Batting: RHB Vicente Aguirre
|
0-0: Ball Reached via error on a dropped throw, E6 Robin Hill scores Avery Hopkins to second
|
Batting: RHB Bailey Ramsey
|
0-0: Ball 1-0: Called Strike 1-1: Called Strike 1-2: Strikes out swinging
|
Batting: RHB Quinton Martínez
|
0-0: Ball 1-0: Ball 2-0: Fly out, F3 (Popup, 3F)
|
Bottom of the 7th over - 1 run(s), 1 hit(s), 1 error(s), 2 left on base; Portland 3 - Madison 1 |
TOP OF THE 8TH |
Portland Philospher Kings batting - Pitching for Madison Bombers : RHP Manny Canseco
|
Pitching: RHP José Ruíz
|
|
Batting: RHB Aaron Scott
|
0-0: Ball 1-0: Foul Ball, location: 2F 1-1: Ball 2-1: Foul Ball, location: 2F 2-2: Strikes out swinging
|
Batting: LHB Bill Bertrand
|
0-0: Foul Ball, location: 2F 0-1: Called Strike 0-2: Ball 1-2: Strikes out swinging
|
Batting: RHB Germán Rosales
|
0-0: Ball 1-0: Foul Ball, location: 2F 1-1: Ball 2-1: Fly out, F9 (Line Drive, 9M)
|
Top of the 8th over - 0 run(s), 0 hit(s), 0 error(s), 0 left on base; Portland 3 - Madison 1 |
BOTTOM OF THE 8TH |
Madison Bombers batting - Pitching for Portland Philospher Kings : RHP Tommy Connare
|
Batting: LHB Keith Tillman
|
0-0: Ball 1-0: Ball 2-0: Ball 3-0: Called Strike 3-1: Foul Ball, location: 2F 3-2: Strikes out looking
|
Batting: RHB Sergio Márquez
|
0-0: Swinging Strike 0-1: Foul Ball, location: 2F 0-2: Ground out 4-3 (Groundball, 4)
|
Batting: SHB Michael McDonald
|
0-0: Ball 1-0: Called Strike 1-1: Ground out 4-3 (Groundball, 34)
|
Bottom of the 8th over - 0 run(s), 0 hit(s), 0 error(s), 0 left on base; Portland 3 - Madison 1 |
TOP OF THE 9TH |
Portland Philospher Kings batting - Pitching for Madison Bombers : RHP José Ruíz
|
Batting: LHB Mike Young
|
0-0: Ball 1-0: Ball 2-0: Called Strike 2-1: Swinging Strike 2-2: Ball 3-2: Strikes out swinging
|
Batting: RHB Dani Vázquez
|
0-0: Ball 1-0: Foul Ball, location: 2F 1-1: Ball 2-1: Foul Ball, location: 2F 2-2: Ball 3-2: Ground out 1-3 (Groundball, 13S)
|
Batting: LHB Jeff Daniels
|
0-0: Ball 1-0: Ball 2-0: Fly out, F5 (Popup, 56S)
|
Top of the 9th over - 0 run(s), 0 hit(s), 0 error(s), 0 left on base; Portland 3 - Madison 1 |
BOTTOM OF THE 9TH |
Madison Bombers batting - Pitching for Portland Philospher Kings : RHP Tommy Connare
|
Pitching: RHP Juan Gonzáles
|
|
Batting: LHB José Santos
|
0-0: Ball 1-0: Swinging Strike 1-1: SINGLE (Groundball, 56D)
|
Batting: LHB Robin Hill
|
0-0: Fielders Choice at 2nd, 1-6 (Groundball, 13)
|
Batting: LHB Avery Hopkins
|
0-0: Ball 1-0: Foul Ball, location: 2F 1-1: Ball 2-1: Ball 3-1: SINGLE (Flyball, 78S) Robin Hill to second
|
Batting: RHB Vicente Aguirre
|
0-0: Ball 1-0: Grounds into double play, 4-6-3 (Groundball, 4)
|
Bottom of the 9th over - 0 run(s), 2 hit(s), 0 error(s), 1 left on base; Portland 3 - Madison 1 |
|